[Event "December 5 Late 2023"]
[Site "https://www.chess.com"]
[Date "2023.12.05"]
[Round "4"]
[White "NovakRatko"]
[Black "Vila Dupla, Aurelio"]
[Result "1-0"]
[Board "164"]
[TimeControl "180+1"]
[BlackFideId "2203383"]
[WhiteElo "2466"]
[BlackElo "2204"]
[BlackTeam "ESP"]
[WhiteClock "0:00:07"]
[BlackClock "0:00:00"]

1. d4 Nf6 2. c4 g6 3. Nc3 d5 4. f3 Bg7 5. e4 dxe4 6. fxe4 e5 7. d5 O-O 8. Be2 c6 9. Bg5 h6 10. Bh4 Qa5 11. Qd2 g5 12. Bg3 b5 13. cxb5 cxb5 14. Bd3 b4 15. Nce2 Nh5 16. a3 Ba6 17. Bxa6 Nxa6 18. Nf3 Nxg3 19. Nxg3 f5 20. Nxf5 Rxf5 21. exf5 e4 22. Ng1 Nc5 23. Rd1 Nd3+ 24. Kf1 Nxb2 25. axb4 Qb5+ 26. Ne2 e3 27. Qc2 Nxd1 28. Qxd1 Qxb4 29. g3 Rf8 30. g4 Qe4 31. Rg1 h5 32. Ke1 hxg4 33. Ng3 1-0

[Event "December 5 Late 2023"]
[Site "https://www.chess.com"]
[Date "2023.12.05"]
[Round "4"]
[White "karpovian123"]
[Black "Narva, Triin"]
[Result "1-0"]
[Board "165"]
[TimeControl "180+1"]
[BlackFideId "4502680"]
[WhiteElo "2373"]
[BlackElo "2189"]
[BlackTeam "EST"]
[WhiteClock "0:00:38"]
[BlackClock "0:00:00"]

1. d4 d5 2. Nf3 c5 3. c4 Nf6 4. dxc5 Qa5+ 5. Nc3 dxc4 6. e3 Qxc5 7. Qa4+ Bd7 8. Qxc4 e6 9. Qxc5 Bxc5 10. Ne5 Nc6 11. Nxd7 Nxd7 12. a3 O-O 13. b4 Be7 14. Bb2 Bf6 15. Bb5 Rac8 16. O-O a6 17. Bxc6 Rxc6 18. Rac1 Nb6 19. Nd1 Rxc1 20. Bxc1 Nc4 21. e4 Rd8 22. Ne3 b5 23. Rd1 Rxd1+ 24. Nxd1 Bd4 25. Kf1 Kf8 26. Ke2 e5 27. Ne3 Nxe3 28. Bxe3 Bb2 29. Kd3 Ke7 30. Kc2 Ba1 31. Kb1 Bd4 32. Bxd4 exd4 33. Kc2 Kd6 34. f4 g5 35. g3 f5 36. exf5 gxf4 37. gxf4 1-0

[Event "December 5 Late 2023"]
[Site "https://www.chess.com"]
[Date "2023.12.05"]
[Round "4"]
[White "Morales Garcia, Sergio Joshafatt"]
[Black "Quirke, Jeffrey"]
[Result "1-0"]
[Board "166"]
[TimeControl "180+1"]
[WhiteFideId "5106249"]
[BlackFideId "2013029"]
[WhiteElo "2370"]
[BlackElo "2175"]
[WhiteTeam "MEX"]
[BlackTeam "USA"]
[WhiteClock "0:00:34"]
[BlackClock "0:00:09"]

1. e4 e6 2. b3 d5 3. e5 c5 4. f4 Nc6 5. Nc3 h5 6. Nf3 Nge7 7. Be2 Nf5 8. Bb2 Be7 9. O-O h4 10. Qe1 a6 11. a3 Qc7 12. Rd1 Bd7 13. Bd3 g6 14. Ne2 O-O-O 15. c3 Na5 16. Bc2 c4 17. b4 Nc6 18. Qf2 Kb8 19. d3 cxd3 20. Bxd3 Na7 21. Ned4 Nxd4 22. cxd4 Bb5 23. Qe2 Bxd3 24. Qxd3 Qd7 25. Nd2 Rc8 26. Nb3 Qb5 27. Nc5 Qxd3 28. Rxd3 b6 29. Nb3 Kb7 30. Kf2 Rc4 31. Nd2 Rc7 32. Ke2 Rhc8 33. Rh3 a5 34. bxa5 bxa5 35. Rb1 Ka6 36. Rb3 Nb5 37. a4 Nc3+ 38. Bxc3 Rxc3 39. Rb6+ Ka7 40. Rb7+ Ka8 41. Rxe7 1-0

[Event "December 5 Late 2023"]
[Site "https://www.chess.com"]
[Date "2023.12.05"]
[Round "4"]
[White "Sari, Yasin"]
[Black "Martine, Jean-Christophe"]
[Result "1-0"]
[Board "167"]
[TimeControl "180+1"]
[WhiteFideId "6320902"]
[BlackFideId "603651"]
[WhiteElo "2364"]
[BlackElo "2175"]
[WhiteTeam "TUR"]
[BlackTeam "FRA"]
[WhiteClock "0:01:24"]
[BlackClock "0:01:18"]

1. d4 d6 2. e4 Nf6 3. Nc3 c6 4. Bg5 Nbd7 5. f4 Qa5 6. Qd2 e5 7. Nf3 Be7 8. O-O-O O-O 9. Kb1 Qc7 10. fxe5 dxe5 11. dxe5 Nxe5 12. Bf4 Nxf3 13. gxf3 Qb6 14. Bc4 Bb4 15. Rhg1 Kh8 16. Qg2 g6 17. Be5 Be7 18. Qg5 Kg7 19. Rd6 Be6 20. Bxe6 fxe6 21. Rxe6 Qd8 22. Rd1 h6 23. Rxd8 hxg5 24. Rxe7+ Kh6 25. Rxa8 Rxa8 26. Bxf6 1-0

[Event "December 5 Late 2023"]
[Site "https://www.chess.com"]
[Date "2023.12.05"]
[Round "4"]
[White "Cooper, Aaron"]
[Black "Vanek, Tomas"]
[Result "0-1"]
[Board "168"]
[TimeControl "180+1"]
[WhiteFideId "2634945"]
[BlackFideId "313459"]
[WhiteElo "2333"]
[BlackElo "2157"]
[WhiteTeam "CAN"]
[BlackTeam "CZE"]
[WhiteClock "0:00:00"]
[BlackClock "0:01:02"]

1. d4 f5 2. Bf4 Nf6 3. e3 d6 4. Nf3 b6 5. c4 e6 6. Nc3 Be7 7. h4 O-O 8. Qb3 a5 9. Bd3 Bd7 10. Rc1 Nc6 11. a3 a4 12. Qc2 Qe8 13. d5 exd5 14. cxd5 Na5 15. Nd4 g6 16. Bh6 Rf7 17. h5 Nxh5 18. Rxh5 gxh5 19. Bxf5 Nb3 20. Be6 Nxd4 21. exd4 Bxe6 22. dxe6 Rf6 23. Be3 Rxe6 24. d5 Rg6 25. Qf5 Qf7 26. Qxh5 Re8 27. Kd2 Bg5 28. Qh3 Qxf2+ 0-1

[Event "December 5 Late 2023"]
[Site "https://www.chess.com"]
[Date "2023.12.05"]
[Round "4"]
[White "Petersson, Kjell"]
[Black "Hernandez Jimenez, Alexander Andres"]
[Result "1-0"]
[Board "169"]
[TimeControl "180+1"]
[WhiteFideId "1705148"]
[BlackFideId "3900452"]
[WhiteElo "2163"]
[BlackElo "2326"]
[WhiteTeam "SWE"]
[BlackTeam "VEN"]
[WhiteClock "0:00:15"]
[BlackClock "0:00:00"]

1. d4 Nf6 2. Bf4 d6 3. Nc3 g6 4. e4 Bg7 5. Qd2 c6 6. O-O-O b5 7. f3 b4 8. Nce2 a5 9. g4 Ba6 10. e5 dxe5 11. Bxe5 Nbd7 12. Bxf6 Nxf6 13. h4 h5 14. g5 Nd5 15. Nh3 a4 16. Kb1 b3 17. cxb3 axb3 18. a3 O-O 19. Nhf4 Qd7 20. Bh3 Qa7 21. Nxd5 cxd5 22. f4 Bxe2 23. Qxe2 Bxd4 24. f5 Bh8 25. fxg6 Qc7 26. gxf7+ Kxf7 27. Qe6+ Ke8 28. Qg6+ Rf7 29. Be6 Qc2+ 30. Qxc2 bxc2+ 31. Kxc2 Rf2+ 32. Rd2 Rxd2+ 33. Kxd2 Bxb2 34. Kc2 Bxa3 35. g6 Kf8 36. Bxd5 Rc8+ 37. Kb3 Bd6 38. Rf1+ Kg7 39. Bf7 Rb8+ 40. Kc4 Rb4+ 41. Kd5 Rxh4 42. Ke6 Re4+ 43. Kd5 Re5+ 44. Kd4 h4 45. Rh1 Rh5 46. Ke4 h3 47. Kf3 h2 48. Kg4 Ra5 49. Kf3 Ra3+ 50. Kg2 Rg3+ 51. Kf1 1-0

[Event "December 5 Late 2023"]
[Site "https://www.chess.com"]
[Date "2023.12.05"]
[Round "4"]
[White "Kujawski, Adam"]
[Black "Joubert, Dantelle"]
[Result "0-1"]
[Board "170"]
[TimeControl "180+1"]
[WhiteFideId "1100920"]
[BlackFideId "14310813"]
[WhiteElo "2295"]
[BlackElo "2144"]
[WhiteTeam "POL"]
[BlackTeam "RSA"]
[WhiteClock "0:00:00"]
[BlackClock "0:00:13"]

1. e4 e5 2. Nf3 Nc6 3. Bb5 Nf6 4. O-O Nxe4 5. d4 Nd6 6. Bg5 f6 7. dxe5 Nxb5 8. exf6 gxf6 9. Bf4 d5 10. Qe2+ Kf7 11. Qxb5 Bd6 12. Qxd5+ Be6 13. Qh5+ Kg7 14. Bh6+ Kg8 15. Nc3 Qd7 16. Ne4 Qf7 17. Qxf7+ Kxf7 18. Nxd6+ cxd6 19. c3 Rhg8 20. Bf4 Ne5 21. Nd4 Bd5 22. f3 a6 23. Rad1 Bc4 24. Nf5 Bxf1 25. Nh6+ Ke6 26. Nxg8 Bc4 27. Nh6 Bxa2 28. Bxe5 fxe5 29. Ng4 Bc4 30. Kf2 b5 31. g3 Bb3 32. Rd2 Rf8 33. Ke3 Bd5 34. f4 exf4+ 35. gxf4 Bc6 36. Nf2 Kd7 37. Nd3 Re8+ 38. Kf2 Kc7 39. Nb4 Bb7 40. Nd5+ Kc6 41. h3 Rf8 42. Ke3 Kc5 0-1

[Event "December 5 Late 2023"]
[Site "https://www.chess.com"]
[Date "2023.12.05"]
[Round "4"]
[White "th3d4rkness"]
[Black "Korol, Dimitry"]
[Result "1/2-1/2"]
[Board "171"]
[TimeControl "180+1"]
[BlackFideId "14108003"]
[WhiteElo "2145"]
[BlackElo "2290"]
[BlackTeam "UKR"]
[WhiteClock "0:01:05"]
[BlackClock "0:00:07"]

1. e4 c5 2. Nf3 d6 3. Bb5+ Nd7 4. O-O Nf6 5. Re1 a6 6. Bf1 e5 7. c3 Be7 8. d4 Qc7 9. Nbd2 O-O 10. a4 b6 11. dxe5 dxe5 12. Qc2 Bb7 13. Nc4 Rfe8 14. Bg5 Bf8 15. Rad1 Rad8 16. Bh4 h6 17. Bxf6 Nxf6 18. Rxd8 Qxd8 19. Nfd2 Qc7 20. f3 Bc6 21. Ne3 Qd7 22. b3 b5 23. axb5 axb5 24. c4 bxc4 25. bxc4 Ba4 26. Qb2 Qd4 27. Qxd4 cxd4 28. Nd5 Nxd5 29. cxd5 Bb4 30. Ra1 Bxd2 31. Rxa4 Be3+ 32. Kh1 Rc8 33. Ra1 Rc1 34. Rxc1 Bxc1 35. Be2 Kf8 36. Kg1 Ke7 37. Kf1 Kd6 38. Ke1 Kc5 39. Kd1 Be3 40. Kc2 f6 41. h3 g6 42. Ba6 f5 43. Kd3 f4 44. Bc8 g5 45. Bg4 Bc1 46. Bh5 Ba3 47. Bf7 Bb4 48. Be6 Ba5 49. Bf5 Bc7 50. Bg6 Kb4 51. Bf5 Bd6 52. Bg6 Kb3 53. Bf5 Kb2 54. Bc8 Kc1 55. Ke2 Kc2 56. Ba6 Bc5 57. Bd3+ Kc3 58. Ba6 Kc2 59. Bd3+ Kc3 60. Ba6 Kc2 1/2-1/2

[Event "December 5 Late 2023"]
[Site "https://www.chess.com"]
[Date "2023.12.05"]
[Round "4"]
[White "Chabris, Christopher"]
[Black "Duncan, Chris R"]
[Result "0-1"]
[Board "172"]
[TimeControl "180+1"]
[WhiteFideId "2005263"]
[BlackFideId "403091"]
[WhiteElo "2289"]
[BlackElo "2136"]
[WhiteTeam "USA"]
[BlackTeam "ENG"]
[WhiteClock "0:00:00"]
[BlackClock "0:00:18"]

1. e4 e6 2. d4 d5 3. Nc3 Bb4 4. e5 c5 5. a3 Ba5 6. b4 cxb4 7. Nb5 Bc7 8. axb4 Nc6 9. c3 Nge7 10. h4 Bd7 11. h5 h6 12. Qg4 Nf5 13. Bd3 Kf8 14. Nxc7 Qxc7 15. b5 Nce7 16. Ne2 Qb6 17. Ba3 Bxb5 18. Bxf5 exf5 19. Qxf5 Bxe2 20. Bxe7+ Kxe7 21. Kxe2 Qb2+ 22. Kd3 Rhc8 23. Rac1 Rc6 24. Rc2 Qb5+ 25. Ke3 Rac8 26. Rhc1 a5 27. g4 Qb3 28. Kd3 Qb5+ 29. Kd2 Kf8 30. g5 hxg5 31. Qxg5 Qb6 32. Rg1 g6 33. h6 Rxc3 34. Rxc3 Qb2+ 35. Ke3 Rxc3+ 36. Kf4 Qxf2+ 0-1

[Event "December 5 Late 2023"]
[Site "https://www.chess.com"]
[Date "2023.12.05"]
[Round "4"]
[White "Yushko, Olga"]
[Black "Weisz, Bryan"]
[Result "0-1"]
[Board "173"]
[TimeControl "180+1"]
[WhiteFideId "14114500"]
[BlackFideId "30934133"]
[WhiteElo "2119"]
[BlackElo "2288"]
[WhiteTeam "UKR"]
[BlackTeam "USA"]
[WhiteClock "0:00:43"]
[BlackClock "0:01:54"]

1. d4 Nf6 2. c4 c5 3. d5 b5 4. cxb5 a6 5. b6 d6 6. Nc3 Nbd7 7. e4 Nxb6 8. Nf3 g6 9. Bd3 Bg7 10. h3 O-O 11. O-O Bb7 12. Re1 e6 13. dxe6 fxe6 14. Bc2 d5 15. exd5 exd5 16. Bg5 d4 17. Ne4 Qd5 18. Nxf6+ Bxf6 19. Be4 Qd7 20. Bxb7 Qxb7 21. Bxf6 Rxf6 22. Ne5 Raf8 23. Re2 Qd5 24. Ng4 Rf4 25. Rc1 d3 26. Re5 Qd4 27. Rexc5 d2 28. R1c2 Rxg4 29. hxg4 Qxf2+ 30. Kh2 Qh4+ 31. Kg1 Qe1+ 32. Qxe1 dxe1=Q+ 33. Kh2 Qh4+ 34. Kg1 Rd8 35. Rc1 Qxg4 36. Rc6 Rd2 0-1

[Event "December 5 Late 2023"]
[Site "https://www.chess.com"]
[Date "2023.12.05"]
[Round "4"]
[White "Lopez Del Alamo, Antonio"]
[Black "Mangialardo, Tiago Carvalho"]
[Result "0-1"]
[Board "174"]
[TimeControl "180+1"]
[WhiteFideId "2227339"]
[BlackFideId "2130718"]
[WhiteElo "2287"]
[BlackElo "2082"]
[WhiteTeam "ESP"]
[BlackTeam "BRA"]
[WhiteClock "0:00:00"]
[BlackClock "0:00:10"]

1. e4 Nf6 2. e5 Nd5 3. d4 d6 4. c4 Nb6 5. f4 g6 6. Nc3 Bg7 7. Nf3 O-O 8. Be2 dxe5 9. fxe5 Nc6 10. Be3 f6 11. d5 Nxe5 12. Nxe5 fxe5 13. Ne4 e6 14. d6 Qh4+ 15. Ng3 cxd6 16. Bxb6 axb6 17. Qxd6 e4 18. Qxb6 Be5 19. Qe3 Bxb2 20. Rb1 Be5 21. c5 Ra4 22. Qb3 Rb4 23. Qxb4 Bxg3+ 24. Kd1 Be5 25. Bc4 Rd8+ 26. Kc1 Qf4+ 0-1

[Event "December 5 Late 2023"]
[Site "https://www.chess.com"]
[Date "2023.12.05"]
[Round "4"]
[White "Oliveira, Tiago Batista"]
[Black "Clarke, Matthew"]
[Result "1-0"]
[Board "175"]
[TimeControl "180+1"]
[WhiteFideId "2108291"]
[BlackFideId "3227804"]
[WhiteElo "2080"]
[BlackElo "2264"]
[WhiteTeam "BRA"]
[BlackTeam "AUS"]
[WhiteClock "0:00:50"]
[BlackClock "0:00:17"]

1. d4 d5 2. c4 e6 3. Nf3 Nf6 4. g3 Be7 5. Bg2 O-O 6. O-O dxc4 7. Nc3 c5 8. dxc5 Qxd1 9. Rxd1 Bxc5 10. Ne5 Nbd7 11. Nxc4 Ng4 12. Ne4 Be7 13. Ned6 Nc5 14. h3 Nh6 15. Be3 Na4 16. Nxb7 Rb8 17. Bxa7 Rxb7 18. Bxb7 Bxb7 19. Rd7 Bd5 20. Rxe7 Bxc4 21. b3 1-0

[Event "December 5 Late 2023"]
[Site "https://www.chess.com"]
[Date "2023.12.05"]
[Round "4"]
[White "Palmer, Reegan"]
[Black "Lutz, Igor Oscar"]
[Result "0-1"]
[Board "176"]
[TimeControl "180+1"]
[WhiteFideId "14322145"]
[BlackFideId "2110806"]
[WhiteElo "2243"]
[BlackElo "2072"]
[WhiteTeam "RSA"]
[BlackTeam "BRA"]
[WhiteClock "0:00:19"]
[BlackClock "0:00:18"]

1. e4 c5 2. Nf3 Nc6 3. d3 d6 4. g3 g6 5. Bg2 Bg7 6. Kf1 e6 7. Nbd2 Nge7 8. c3 O-O 9. h4 f5 10. h5 e5 11. hxg6 hxg6 12. Qb3+ d5 13. exd5 Qxd5 14. Qc2 Qd6 15. Ng5 Be6 16. Nc4 Qd7 17. Be3 b6 18. Re1 Bd5 19. Qb3 Na5 20. Bxd5+ Qxd5 21. Nxa5 bxa5 22. Bxc5 Qxb3 23. axb3 Rfe8 24. Ne6 Rac8 25. Bxe7 Rxe7 26. Nxg7 Kxg7 27. f4 Rce8 28. Kf2 e4 29. dxe4 Rxe4 30. Re3 Rxe3 31. Rd1 Re2+ 32. Kf1 R2e7 33. Rd6 Re6 34. Rd7+ R8e7 35. Rd5 Kf6 36. Rxa5 Re1+ 37. Kf2 R7e2+ 38. Kf3 Re3+ 39. Kf2 R1e2+ 40. Kf1 Re7 41. Ra6+ Kf7 42. Ra2 Rc2 43. b4 Kg7 44. b5 Ree2 45. Rxa7+ Kh6 46. b6 Rh2 47. Kg1 Rhd2 48. Ra1 Rxb2 49. c4 Rxb6 50. Rc1 Rc6 51. Kf1 Rd4 52. Kf2 Rdxc4 53. Re1 Rc2+ 54. Kf3 R6c3+ 55. Re3 Rxe3+ 56. Kxe3 Kh5 57. Kf3 Rc3+ 58. Kg2 Kg4 59. Kf2 Rxg3 60. Kf1 Rf3+ 61. Ke1 Rxf4 62. Ke2 Re4+ 63. Kd2 Kf3 64. Kd1 g5 65. Kc2 g4 66. Kd2 g3 67. Kd1 g2 68. Kc1 g1=Q+ 69. Kd2 Qg2+ 70. Kd1 Re2 71. Kc1 Qf1# 0-1

[Event "December 5 Late 2023"]
[Site "https://www.chess.com"]
[Date "2023.12.05"]
[Round "4"]
[White "Uddin, Mubassar"]
[Black "Feliz Dotel, Dewar Bienvenido"]
[Result "1-0"]
[Board "177"]
[TimeControl "180+1"]
[WhiteFideId "2093944"]
[BlackFideId "6402801"]
[WhiteElo "2239"]
[BlackElo "2071"]
[WhiteTeam "USA"]
[BlackTeam "DOM"]
[WhiteClock "0:00:59"]
[BlackClock "0:00:00"]

1. d4 d5 2. c4 e6 3. Nc3 Nf6 4. cxd5 exd5 5. Bg5 c6 6. Qc2 Be7 7. e3 O-O 8. Bd3 h6 9. Bh4 Re8 10. Nge2 Nbd7 11. O-O Nf8 12. f3 Nh5 13. Bf2 Nf6 14. Rae1 Be6 15. h3 Rc8 16. e4 dxe4 17. fxe4 Nh5 18. Be3 Bg5 19. Qd2 Ng6 20. e5 Bxe3+ 21. Qxe3 Ne7 22. Qf3 g6 23. Ne4 Bd5 24. N2c3 Bxe4 25. Qxe4 Ng7 26. Bc4 Nd5 27. Nxd5 cxd5 28. Bxd5 Nf5 29. e6 Kh7 30. Rxf5 gxf5 31. Qxf5+ Kh8 32. Qe5+ f6 33. Qf5 Qe7 34. Be4 Rcd8 35. d5 Rd6 36. Re3 Rg8 37. Rf3 Rg5 38. Qxf6+ Qxf6 39. Rxf6 1-0

[Event "December 5 Late 2023"]
[Site "https://www.chess.com"]
[Date "2023.12.05"]
[Round "4"]
[White "De Souza, Cristiano Gomes"]
[Black "Smirnov, Timofey"]
[Result "1-0"]
[Board "178"]
[TimeControl "180+1"]
[WhiteFideId "2151758"]
[BlackFideId "24176427"]
[WhiteElo "2235"]
[BlackElo "2050"]
[WhiteTeam "BRA"]
[BlackTeam "RUS"]
[WhiteClock "0:01:46"]
[BlackClock "0:00:16"]

1. d4 d5 2. c4 c6 3. Nf3 Nf6 4. Nc3 e6 5. Bg5 dxc4 6. a4 Bb4 7. e4 Qa5 8. Bxf6 Bxc3+ 9. bxc3 Qxc3+ 10. Nd2 gxf6 11. Rc1 Qxd4 12. Rxc4 Qe5 13. g3 b6 14. f4 Qa5 15. Qc2 c5 16. Kf2 Bd7 17. Nb3 Qa6 18. Rxc5 Qxa4 19. Rc7 Nc6 20. Bd3 Kd8 21. Ra1 Qb4 22. Rxc6 Bxc6 23. Qxc6 Rc8 24. Qb7 Qxb3 25. Rxa7 Qxd3 26. Qe7# 1-0

[Event "December 5 Late 2023"]
[Site "https://www.chess.com"]
[Date "2023.12.05"]
[Round "4"]
[White "Clawitter, Craig"]
[Black "Panuganti, Kireet"]
[Result "0-1"]
[Board "179"]
[TimeControl "180+1"]
[WhiteFideId "2023105"]
[BlackFideId "30903297"]
[WhiteElo "2231"]
[BlackElo "2014"]
[WhiteTeam "USA"]
[BlackTeam "USA"]
[WhiteClock "0:01:29"]
[BlackClock "0:01:03"]

1. e4 c5 2. Nf3 d6 3. d4 cxd4 4. Nxd4 Nf6 5. Nc3 g6 6. Be3 Bg7 7. f3 O-O 8. Qd2 Nc6 9. Bc4 Bd7 10. O-O-O Rc8 11. Bb3 Nxd4 12. Bxd4 b5 13. Nd5 Nxd5 14. Bxg7 Kxg7 15. exd5 a5 16. a3 Kg8 17. Rhe1 Rc5 18. h4 b4 19. axb4 axb4 20. Qxb4 Qa8 21. Kb1 Rb8 22. Qa3 Ra5 23. Rxe7 Rxa3 24. bxa3 Qxa3 25. Rxd7 Ra8 0-1

[Event "December 5 Late 2023"]
[Site "https://www.chess.com"]
[Date "2023.12.05"]
[Round "4"]
[White "Desideri, Ricardo Maruchi"]
[Black "Floresvillar Gonzalez, Luis Migu"]
[Result "0-1"]
[Board "180"]
[TimeControl "180+1"]
[WhiteFideId "2110440"]
[BlackFideId "5100542"]
[WhiteElo "2018"]
[BlackElo "2211"]
[WhiteTeam "BRA"]
[BlackTeam "MEX"]
[WhiteClock "0:00:00"]
[BlackClock "0:01:10"]

1. e4 c6 2. d4 d5 3. e5 c5 4. dxc5 Nc6 5. f4 e6 6. Qg4 g6 7. c3 Bxc5 8. b4 Bb6 9. Nf3 h5 10. Qh3 Nh6 11. a4 a6 12. Bd3 Bd7 13. Na3 Qe7 14. Nc2 Nf5 15. Bxf5 gxf5 16. Ng5 d4 17. b5 axb5 18. axb5 Rxa1 19. Nxa1 Nxe5 20. O-O dxc3+ 21. Kh1 Ng4 22. Qf3 Bxb5 23. h3 Bxf1 24. Qxf1 Qc5 25. Nb3 Qc6 0-1

[Event "December 5 Late 2023"]
[Site "https://www.chess.com"]
[Date "2023.12.05"]
[Round "4"]
[White "Einarsson, Halldor Gretar"]
[Black "Winkels, Marcel"]
[Result "1-0"]
[Board "181"]
[TimeControl "180+1"]
[WhiteFideId "2300150"]
[BlackFideId "1003887"]
[WhiteElo "2211"]
[BlackElo "1999"]
[WhiteTeam "ISL"]
[BlackTeam "NED"]
[WhiteClock "0:01:15"]
[BlackClock "0:00:00"]

1. d4 Nf6 2. c4 c5 3. d5 e6 4. Nc3 exd5 5. cxd5 d6 6. e4 g6 7. h3 a6 8. a4 Bg7 9. Nf3 O-O 10. Bd3 Nbd7 11. O-O Nh5 12. Bg5 Bf6 13. Be3 Ne5 14. Be2 Ng7 15. Qd2 Re8 16. Rfb1 Rb8 17. b4 cxb4 18. Rxb4 Qc7 19. Rc1 Qa5 20. Rcb1 Bd7 21. Bb6 Qxb4 22. Rxb4 Rec8 23. Nd1 h6 24. Nxe5 Bxe5 25. Bd4 Bxd4 26. Qxd4 Rc5 27. e5 Rbc8 28. exd6 b5 29. axb5 axb5 30. Ne3 g5 31. g4 f5 32. Qf6 Rf8 33. Qxh6 fxg4 34. hxg4 Rf4 35. Rxf4 gxf4 36. Qxf4 Be8 37. Bd3 Bd7 38. Qf6 Rc8 39. Qe7 Rc3 40. Qd8+ Be8 41. Bg6 b4 42. Bxe8 Kh7 43. Bh5 b3 44. Qf6 b2 45. Bg6+ Kg8 46. Qf7+ 1-0

[Event "December 5 Late 2023"]
[Site "https://www.chess.com"]
[Date "2023.12.05"]
[Round "4"]
[White "Boggiano Pereira, Miguel A."]
[Black "Bullen, Alex"]
[Result "0-1"]
[Board "182"]
[TimeControl "180+1"]
[WhiteFideId "3102750"]
[BlackFideId "1801627"]
[WhiteElo "1974"]
[BlackElo "2205"]
[WhiteTeam "PUR"]
[BlackTeam "WLS"]
[WhiteClock "0:00:23"]
[BlackClock "0:01:23"]

1. c4 g6 2. Nc3 Bg7 3. g3 c5 4. Bg2 Nc6 5. e4 b6 6. Nge2 Bb7 7. O-O Nd4 8. d3 d6 9. Be3 e5 10. Rb1 Ne7 11. a3 a5 12. a4 Nec6 13. f4 Nb4 14. b3 O-O 15. Nd5 Bxd5 16. exd5 f5 17. Qd2 Qe7 18. Nc3 Rae8 19. Nb5 Nxb5 20. axb5 exf4 21. Bxf4 Bd4+ 22. Kh1 Be3 23. Qc3 Bxf4 24. gxf4 Qe2 25. Rbd1 Re3 26. Rd2 Rxd3 27. Qxd3 Qxd3 28. Rxd3 Nxd3 29. Rd1 Nf2+ 0-1

[Event "December 5 Late 2023"]
[Site "https://www.chess.com"]
[Date "2023.12.05"]
[Round "5"]
[White "Carlsen, Magnus"]
[Black "Tari, Aryan"]
[Result "1-0"]
[Board "1"]
[TimeControl "180+1"]
[WhiteFideId "1503014"]
[BlackFideId "1510045"]
[WhiteElo "3311"]
[BlackElo "3011"]
[WhiteTeam "NOR"]
[BlackTeam "NOR"]
[WhiteClock "0:00:54"]
[BlackClock "0:00:06"]

1. d4 Nf6 2. g4 Nxg4 3. e4 Nf6 4. e5 Nd5 5. c4 Nb6 6. c5 Nd5 7. Bc4 e6 8. Nc3 Nxc3 9. bxc3 d6 10. Nf3 dxc5 11. Rg1 Nc6 12. Bg5 Qd7 13. Qe2 Na5 14. dxc5 Nxc4 15. Rd1 Qxd1+ 16. Kxd1 b5 17. Qe4 Rb8 18. Nd4 Bb7 19. c6 Ba6 20. Nb3 h6 21. Be3 b4 22. Bc5 Rd8+ 23. Kc1 bxc3 24. Bxf8 Kxf8 25. Nc5 Nd2 26. Qb4 Be2 27. Nxe6+ Ke8 28. Nxg7# 1-0

[Event "December 5 Late 2023"]
[Site "https://www.chess.com"]
[Date "2023.12.05"]
[Round "5"]
[White "Xiong, Jeffery"]
[Black "Nakamura, Hikaru"]
[Result "1/2-1/2"]
[Board "2"]
[TimeControl "180+1"]
[WhiteFideId "2047640"]
[BlackFideId "2016192"]
[WhiteElo "3011"]
[BlackElo "3243"]
[WhiteTeam "USA"]
[BlackTeam "USA"]
[WhiteClock "0:00:16"]
[BlackClock "0:00:23"]

1. Nf3 g6 2. e4 c5 3. c3 d5 4. e5 a6 5. d4 Nc6 6. Be2 Bg4 7. Nbd2 e6 8. h3 Bxf3 9. Nxf3 cxd4 10. cxd4 Bh6 11. Bxh6 Nxh6 12. g4 Qa5+ 13. Qd2 Qxd2+ 14. Kxd2 Ng8 15. Rac1 Nge7 16. a3 Kd7 17. Ke3 h6 18. Ne1 b6 19. b4 g5 20. Bd3 b5 21. Bb1 Nc8 22. Nd3 Nb6 23. Nc5+ Ke7 24. Nxe6 Nc4+ 25. Rxc4 dxc4 26. Ng7 a5 27. Be4 axb4 28. Bxc6 Rxa3+ 29. Ke4 b3 30. d5 Rb8 31. Nf5+ Kf8 32. e6 fxe6 33. dxe6 b2 34. Rb1 c3 35. Kd3 Ra1 36. Kc2 b4 37. e7+ Kf7 38. Bd5+ Kf6 39. Be4 Ra3 40. Bc6 Ra1 41. e8=Q Rxe8 42. Bxe8 b3+ 43. Kxc3 Rxb1 44. Bh5 Rh1 45. Kxb2 Rxh3 46. Nxh6 Rf3 47. Nf5 Rxf2+ 48. Kxb3 Rxf5 49. gxf5 Kxf5 50. Kc4 g4 51. Bxg4+ 1/2-1/2

[Event "December 5 Late 2023"]
[Site "https://www.chess.com"]
[Date "2023.12.05"]
[Round "5"]
[White "Naroditsky, Daniel"]
[Black "Drygalov, Sergey"]
[Result "1/2-1/2"]
[Board "3"]
[TimeControl "180+1"]
[WhiteFideId "2026961"]
[BlackFideId "24171743"]
[WhiteElo "3177"]
[BlackElo "2990"]
[WhiteTeam "USA"]
[BlackTeam "RUS"]
[WhiteClock "0:00:30"]
[BlackClock "0:01:19"]

1. e4 c5 2. Nf3 d6 3. Bb5+ Nd7 4. O-O a6 5. Bd3 Ngf6 6. Re1 e6 7. Bf1 b6 8. c4 Bb7 9. Nc3 Be7 10. d4 cxd4 11. Qxd4 O-O 12. b3 Qc7 13. Bb2 Ne5 14. Be2 Rfd8 15. Rac1 Nfd7 16. Qe3 Nxf3+ 17. Bxf3 Bf6 18. Red1 Rac8 19. Be2 Nc5 20. Rc2 Qe7 21. Rcd2 Qf8 22. Bf3 h6 23. Qe2 Bg5 24. Rc2 Bf6 25. Rcd2 Bg5 26. Rc2 Bf6 27. Rcd2 1/2-1/2

[Event "December 5 Late 2023"]
[Site "https://www.chess.com"]
[Date "2023.12.05"]
[Round "5"]
[White "Bok, Benjamin"]
[Black "Firouzja, Alireza"]
[Result "1/2-1/2"]
[Board "4"]
[TimeControl "180+1"]
[WhiteFideId "1017063"]
[BlackFideId "12573981"]
[WhiteElo "2982"]
[BlackElo "3158"]
[WhiteTeam "NED"]
[BlackTeam "FRA"]
[WhiteClock "0:00:03"]
[BlackClock "0:00:07"]

1. d4 Nf6 2. c4 e6 3. Nc3 d5 4. cxd5 exd5 5. Bg5 c6 6. e3 Bd6 7. Bd3 O-O 8. Nf3 Re8 9. O-O Bg4 10. Qb3 b6 11. Nd2 Nbd7 12. Rac1 Rc8 13. Bh4 Bh5 14. Bg3 Bxg3 15. hxg3 Bg6 16. Ne2 c5 17. Bxg6 hxg6 18. dxc5 bxc5 19. Rfd1 Qa5 20. Qc3 Qa6 21. Nf4 Ne5 22. Nf3 Ne4 23. Qc2 Ng4 24. Nh3 d4 25. exd4 cxd4 26. Qb3 Rxc1 27. Rxc1 d3 28. Re1 Ngf6 29. Nhg5 Nxg5 30. Rxe8+ Nxe8 31. Nxg5 Qf6 32. Qd5 Nc7 33. Qd7 Qxg5 34. Qxc7 Kh7 35. Qd7 d2 36. b4 f5 37. f4 Qxg3 38. Qxd2 Qa3 39. Kh2 Qa4 40. Qf2 Qa3 41. Qh4+ Kg8 42. Qd8+ Kh7 43. Qh4+ Kg8 44. Qd8+ Kh7 45. Qh4+ 1/2-1/2